 Dungeon Crawl Stone Soup version 0.26-a0-653-g6669bab64c (webtiles) character file.

Game seed: 16058501720314860849

48991 flotson the Fighter (level 14, -9/124 HPs)
             Began as a Ghoul Conjurer on Oct 4, 2020.
             Was a Follower of Fedhas.
             Mangled by a dire elephant (19 damage)
             ... on level 6 of the Lair of Beasts.
             The game lasted 01:34:10 (35834 turns).

flotson the Fighter (Ghoul Conjurer)               Turns: 35834, Time: 01:34:11

Health: -9/124     AC: 15    Str: 16    XL:     14   Next: 48%
Magic:  28/28      EV: 12    Int: 13    God:    Fedhas [*.....]
Gold:   1402       SH:  5    Dex:  7    Spells: 18/21 levels left

rFire    + . .     SeeInvis .   b - +5 scythe "Finisher" {speed, eviscerate}
rCold    + . .     Faith    .   (shield currently unavailable)
rNeg     + + +     Spirit   .   o - +2 scale mail {rPois}
rPois    ∞         Reflect  +   r - +0 helmet
rElec    .         Harm     .   d - +0 cloak {rF+}
rCorr    .         Rampage  .   f - +0 pair of gloves
MR       +....                  (no boots)
Stlth    ++........             U - amulet of reflection
HPRegen  0.00/turn              m - ring of magical power
MPRegen  0.21/turn              p - ring of stealth

@: very slightly contaminated, invisible
A: rotting body, claws 1, cold resistance 1, negative energy resistance 3,
inhibited regeneration, torment resistance, unbreathing
a: Renounce Religion


You were on level 6 of the Lair of Beasts.
You worshipped Fedhas.
Fedhas was aware of your devotion.
You visited 3 branches of the dungeon, and saw 18 of its levels.
You also visited: Ossuary, Bailey and Volcano.

You collected 1402 gold pieces.

Inventory:

Hand Weapons
 a - the +9 staff of Olgreb {rPois∞}
   (You found it on level 7 of the Dungeon)

   It grants immunity to poison.
 b - the +5 scythe "Finisher" (weapon) {speed, eviscerate}
   (You found it on level 8 of the Dungeon)

   Attacks with this weapon are significantly faster.
Missiles
 w - 3 boomerangs of dispersal
 G - a throwing net
 K - 6 curare-tipped darts
 L - 50 poisoned darts
 N - 2 javelins (quivered)
Armour
 d - a +0 cloak of fire resistance (worn)
 e - a scarf of resistance
 f - a +0 pair of gloves (worn)
 o - a +2 scale mail of poison resistance (worn)
 r - a +0 helmet (worn)
Jewellery
 m - a ring of magical power (left hand)
 p - a ring of stealth (right hand)
 v - an uncursed ring of magical power
 U - an amulet of reflection (around neck)
Wands
 l - a wand of polymorph (17)
 q - a wand of enslavement (12)
 M - a wand of paralysis (11)
 R - a wand of digging (12)
Scrolls
 g - 6 scrolls of remove curse
 i - 4 scrolls of enchant weapon
 k - 2 scrolls of teleportation
 t - 4 scrolls of amnesia
 y - 2 scrolls of fog {unknown}
 D - 4 scrolls of enchant armour {unknown}
 E - 3 scrolls of blinking {unknown}
 F - 3 scrolls of noise {unknown}
 H - 2 scrolls of magic mapping {unknown}
 J - 2 scrolls of acquirement {unknown}
 P - 2 scrolls of immolation {unknown}
 S - a scroll of holy word {unknown}
Potions
 h - 2 potions of flight
 j - 4 potions of magic
 s - 6 potions of haste
 u - 9 potions of ambrosia
 A - 9 potions of might
 B - 3 potions of stabbing
 C - 2 potions of brilliance
 I - 5 potions of curing
Miscellaneous
 x - a tin of tremorstones (inert)
 Q - a phantom mirror
 T - a condenser vane (inert)


   Skills:
 + Level 11.0 Fighting
   Level 4.1(5.0) Short Blades
   Level 4.2(5.0) Long Blades
 + Level 7.6(7.9) Polearms
 - Level 3.0(5.6) Staves
 - Level 4.0 Throwing
 + Level 10.1 Armour
 + Level 9.3 Dodging
 - Level 5.1 Stealth
   Level 3.1 Shields
 - Level 4.3 Spellcasting
 - Level 5.4 Conjurations
 - Level 8.2 Invocations
 - Level 5.0 Evocations


You had 18 spell levels left.
You knew the following spells:

 Your Spells              Type           Power        Failure   Level
a - Magic Dart            Conj           ###.         6%          1
b - Searing Ray           Conj           ###...       9%          2

Your spell library contained the following spells:

 Spells                   Type           Power        Failure   Level
 Sandblast                Erth           #.....       50%         1
 Dazzling Flash           Conj/Hex       #.....       50%         3
 Stone Arrow              Conj/Erth      #.....       50%         3
 Passwall                 Tmut/Erth      #.......     63%         2
 Fulminant Prism          Conj/Hex       #.........   88%         4
 Iskenderun's Mystic Bla  Conj/Tloc      #.......     88%         4
 Cause Fear               Hex            #.........   99%         4
 Petrify                  Tmut/Erth      #.......     99%         4
 Lee's Rapid Deconstruct  Erth           #.........   100%        5
 Silence                  Hex/Air        #.........   100%        5
 Yara's Violent Unravell  Hex/Tmut       #.........   100%        5
 Discord                  Hex            #.........   100%        8


Dungeon Overview and Level Annotations

Branches:
Dungeon (11/15)            Temple (1/1) D:4            Lair (6/6) D:8
  Swamp (0/4) Lair:4        Snake (0/4) Lair:2        Slime (0/5) Lair:5
Ossuary (visited)          Bailey (visited)         Volcano (visited)
    Orc: D:9-12

Altars:
Ashenzari
Cheibriados
Dithmenos
Elyvilon
Fedhas
Gozag
Hepliaklqana
Kikubaaqudgha
Makhleb
Nemelex Xobeh
Okawaru
Qazlal
Ru
Sif Muna
Uskayaw
Vehumet
Wu Jian
Yredelemnul
Zin
The Shining One

Portals:
Trove: D:10 (give 12 potions of heal wounds)

Annotations:
D:7 1 runed translucent door


Innate Abilities, Weirdness & Mutations

Your body is rotting away.
You thrive by killing the living.
You are immune to poison.
You have sharp fingernails.
Your flesh is cold resistant. (rC+)
You are immune to negative energy. (rN+++)
You do not regenerate when monsters are visible.
You are immune to unholy pain and torment.
You can survive without breathing.


Message History

The dire elephant trunk-slaps you!
* * * LOW HITPOINT WARNING * * *
Evoke which item? (* to show all) (? for menu, Esc to quit)
The tremorstone explodes into fragments!
The tin is emptied!
You hear a trumpeting! x2
The dire elephant tramples you!!
* * * LOW HITPOINT WARNING * * *
You hold your ground!
The dire elephant trunk-slaps you but does no damage.
Okay, then.
Unknown command.
Okay, then.
You fade into invisibility!
The dire elephant barely misses you.
The dire elephant trunk-slaps you but does no damage.
You are very lightly contaminated with residual magic.
The dire elephant tramples you!!
You die...
Fedhas appreciates your contribution to the ecosystem.

##♣8♣ #P..#♣..P...###.#
#..♣ #...##.....## ###
#..# #..P##.P#..# # #..##
#...##....## #
##...#####...##....# ###
# #...##...'P..#♣...##
#.### ##(..'..######....#
##.#. ##...#8.Y.# #♣....#
#... #...#####@# ♣....##
##.. ##...'..#.##♣.....##
#####
###.PPP#..#♣......###.##.
#.#.P##.##.......###...
###PP.#.###.......#....
#8.8#...#♣..###......
##'####.##...#.......
##...≈#..#..###......
#..≈≈≈##.#...##......


You could see a dire elephant.

Vanquished Creatures
  Rupert (Lair:4)
  3 dire elephants (Lair:6)
  7 hydras
  An anaconda (Lair:6)
  A two-headed ogre (D:9)
  3 death yaks (D:8)
  Urug (D:8)
  A fire crab (Volcano)
  A lindwurm (Volcano)
  12 elephants
  A black mamba (Lair:6)
  8 cane toads
  A torpor snail (Lair:1)
  7 komodo dragons
  2 rime drakes (Lair:5)
  A troll (D:9)
  A queen bee (Lair:2)
  A polar bear (Lair:6)
  6 hippogriffs (Lair:6)
  Prince Ribbit (Lair:2)
  3 dream sheep (Lair:1)
  A hornet (D:8)
  18 blink frogs
  7 wraiths
  29 yaks
  5 basilisks
  9 fire bats (Volcano)
  A vampire mosquito (D:8)
  A swamp worm (Lair:4)
  3 nagas (Lair:2)
  5 soldier ants
  An acid dragon (D:8)
  10 water moccasins
  12 porcupines
  2 hell hounds (Volcano)
  4 ice beasts
  3 orc warriors
  4 black bears
  2 sky beasts
  6 ogres
  4 phantoms
  11 wolves
  6 centaurs
  12 crocodiles
  6 bullfrogs
  A water moccasin zombie (Ossuary)
  8 jellies
  2 scorpions
  24 killer bees
  16 wights
  2 electric eels (Lair:2)
  5 howler monkeys
  A centaur zombie (D:8)
  A bullfrog zombie (D:7)
  2 orc priests
  3 hounds
  2 centaur skeletons
  8 orc wizards
  2 iguanas
  7 worker ants
  A hell rat (D:8)
  A hound skeleton (D:6)
  2 mummies (Ossuary)
  18 gnolls
  A river rat (D:8)
  14 adders
  2 white imps (D:6)
  4 ufetubi
  14 oozes
  6 adder zombies (Ossuary)
  3 dart slugs
  4 leopard geckos
  36 orcs
  3 bats
  4 giant cockroaches
  2 gnoll zombies (Ossuary)
  4 goblins
  10 hobgoblins
  11 jackals
  22 kobolds
  11 quokkas
  2 frilled lizards
  4 hobgoblin zombies (Ossuary)
  3 jackal skeletons
  6 kobold zombies (Ossuary)
  A leopard gecko skeleton (D:9)
  5 orc zombies (Ossuary)
  5 rats
  A spectral orc (D:6)
  4 ballistomycete spores
513 creatures vanquished.

Vanquished Creatures (collateral kills)
  2 hydras
  An elephant (Lair:6)
  A wraith (D:8)
  A water moccasin (Lair:6)
  A wolf (Lair:2)
  7 killer bees
  33 ballistomycete spores
46 creatures vanquished.

Vanquished Creatures (others)
  2 oklob plants (Lair:5)
  2 blink frogs (Lair:5)
  5 yaks
  An ogre (D:7)
  A porcupine (Lair:5)
  3 wolves (Lair:5)
  A wight (D:7)
  A kobold zombie (Ossuary)
  3 ballistomycete spores
  85 fungi
  120 plants
224 creatures vanquished.

Grand Total: 783 creatures vanquished

Notes
Turn   | Place    | Note
-------+----------+-------------------------------------------
     0 | D:1      | flotson the Ghoul Conjurer began the quest for the Orb.
     0 | D:1      | Reached XP level 1. HP: 14/14 MP: 2/2
   152 | D:1      | Reached XP level 2. HP: 12/20 MP: 0/3
   395 | D:1      | Learned a level 2 spell: Searing Ray
   977 | D:1      | Reached XP level 3. HP: 16/26 MP: 2/4
  2339 | D:2      | Reached XP level 4. HP: 34/34 MP: 5/5
  2341 | D:2      | Reached skill level 1 in Armour
  3443 | D:3      | Reached XP level 5. HP: 39/39 MP: 7/7
  3836 | D:3      | Noticed a phantom
  3918 | D:2      | Killed a phantom
  3918 | D:2      | Reached skill level 1 in Fighting
  3918 | D:2      | Reached skill level 1 in Short Blades
  3918 | D:2      | Reached XP level 6. HP: 43/47 MP: 3/8
  4325 | D:3      | Found a burning altar of Makhleb.
  5250 | D:4      | Found a radiant altar of Vehumet.
  5253 | D:4      | Found an opulent altar of Gozag.
  5422 | D:4      | Paralysed by an orc for 3 turns
  5441 | D:4      | Paralysed by an orc for 6 turns
  5736 | D:4      | Reached XP level 7. HP: 42/53 MP: 10/10
  5795 | D:4      | Found a staircase to the Ecumenical Temple.
  5804 | Temple   | Entered the Ecumenical Temple
  5869 | Temple   | Became a worshipper of Fedhas Madash
  6157 | D:5      | Entered Level 5 of the Dungeon
  6322 | D:5      | Reached skill level 2 in Fighting
  6399 | D:5      | Found a broken altar of Ashenzari.
  6573 | D:4      | Reached skill level 1 in Throwing
  6911 | D:6      | Found a sand-covered staircase.
  6920 | Ossuary  | Entered an ossuary
  6997 | Ossuary  | Reached XP level 8. HP: 34/61 MP: 12/12
  7208 | Ossuary  | Reached * piety under Fedhas
  7862 | D:6      | Found a sacrificial altar of Ru.
  7994 | D:6      | Found a basalt altar of Yredelemnul.
  8387 | D:6      | Found a glowing golden altar of the Shining One.
  8482 | D:6      | Reached ** piety under Fedhas
  8713 | D:7      | Reached skill level 3 in Fighting
  9050 | D:7      | Reached XP level 9. HP: 70/70 MP: 13/13
  9118 | D:7      | Reached skill level 5 in Conjurations
  9334 | D:7      | Found a runed translucent door.
  9339 | D:7      | Found a runed translucent gate.
  9341 | D:7      | Found a runed translucent gate.
  9341 | D:7      | Found a runed translucent gate.
  9350 | D:7      | Found a runed translucent door.
  9887 | D:7      | Reached skill level 5 in Armour
  9971 | D:7      | Found the +9 staff of Olgreb {rPois∞}
  9995 | D:7      | Reached skill level 1 in Long Blades
 11035 | D:7      | Reached skill level 4 in Fighting
 11399 | D:6      | Reached XP level 10. HP: 63/79 MP: 15/15
 11630 | D:7      | Reached *** piety under Fedhas
 12142 | D:8      | Found a hide-covered altar of Uskayaw.
 12186 | D:8      | Noticed a death yak
 12187 | D:8      | Found a staircase to the Lair.
 12393 | D:8      | Reached skill level 1 in Evocations
 12395 | D:8      | Reached skill level 5 in Stealth
 12398 | D:8      | HP: 3/80 [vampire mosquito (7)]
 12539 | D:8      | Found a flagged portal.
 12548 | Bailey   | Entered a bailey
 12843 | Bailey   | Reached skill level 1 in Shields
 13649 | D:8      | Reached skill level 5 in Fighting
 13905 | D:8      | Reached skill level 1 in Staves
 14303 | D:8      | Reached **** piety under Fedhas
 14391 | D:8      | Noticed a death yak
 14392 | D:8      | Noticed a death yak
 15829 | D:8      | Killed a death yak
 15855 | D:8      | Killed a death yak
 15855 | D:8      | Reached skill level 6 in Fighting
 15855 | D:8      | Reached XP level 11. HP: 89/89 MP: 16/16
 15860 | D:8      | Killed a death yak
 15860 | D:8      | Reached skill level 5 in Dodging
 16565 | D:8      | Found the +5 scythe "Finisher" {speed, eviscerate}
 16941 | D:9      | Found an iron altar of Okawaru.
 17030 | D:9      | Found an ancient bone altar of Kikubaaqudgha.
 17057 | D:9      | Found a shadowy altar of Dithmenos.
 17098 | D:9      | Noticed a two-headed ogre
 17300 | D:9      | Reached skill level 1 in Polearms
 17588 | D:9      | Killed a two-headed ogre
 18039 | D:9      | You fall into a shaft and drop 2 floors!
 18047 | D:10     | Entered Level 10 of the Dungeon
 18154 | D:10     | Noticed an oklob plant
 18492 | D:9      | Found a sacrificial altar of Ru.
 18493 | D:9      | Found a sparkling altar of Nemelex Xobeh.
 18856 | D:9      | Found a snail-covered altar of Cheibriados.
 18888 | D:9      | Reached skill level 7 in Fighting
 19183 | D:9      | Found a snail-covered altar of Cheibriados.
 19192 | D:9      | Found a sacrificial altar of Ru.
 19193 | D:9      | Found a sparkling altar of Nemelex Xobeh.
 19238 | D:9      | Found a shadowy altar of Dithmenos.
 19252 | D:9      | Found an iron altar of Okawaru.
 19264 | D:9      | Found an ancient bone altar of Kikubaaqudgha.
 19703 | D:9      | Found an iron altar of Okawaru.
 19715 | D:9      | Found an ancient bone altar of Kikubaaqudgha.
 19760 | D:9      | Found a sacrificial altar of Ru.
 19761 | D:9      | Found a sparkling altar of Nemelex Xobeh.
 19762 | D:9      | Found a snail-covered altar of Cheibriados.
 19845 | D:9      | Found a shadowy altar of Dithmenos.
 20576 | D:10     | Reached skill level 1 in Invocations
 21244 | D:10     | Found a portal to a secret trove of treasure.
 21249 | D:10     | Found an iron altar of Okawaru.
 21313 | D:10     | Reached XP level 12. HP: 71/100 MP: 17/17
 21809 | Lair:1   | Entered Level 1 of the Lair of Beasts
 21812 | Lair:1   | Noticed Urug
 22045 | Lair:1   | Noticed Sonja
 22048 | D:8      | Killed Urug
 22048 | D:8      | Reached skill level 5 in Evocations
 22096 | Lair:1   | Noticed Sonja
 22096 | Lair:1   | Sonja changed into Sonja the acid dragon
 22102 | D:8      | Killed Sonja the acid dragon
 23410 | Lair:1   | Noticed a four-headed hydra
 23432 | Lair:1   | Killed a four-headed hydra
 23432 | Lair:1   | Reached skill level 5 in Invocations
 23715 | Lair:1   | Reached skill level 8 in Fighting
 23759 | Lair:1   | Noticed a five-headed hydra
 23780 | Lair:1   | Killed a five-headed hydra
 23928 | Lair:2   | Noticed Prince Ribbit
 23940 | Lair:2   | Killed Prince Ribbit
 23972 | Lair:2   | HP: 4/102 [cane toad (18)]
 25592 | Lair:2   | Found a staircase to the Snake Pit.
 25619 | Lair:2   | Noticed an eight-headed hydra
 25654 | Lair:2   | Killed an eight-headed hydra
 26551 | Lair:2   | Reached XP level 13. HP: 108/108 MP: 18/18
 27540 | Lair:4   | Noticed Rupert
 27600 | Lair:4   | Killed Rupert
 27600 | Lair:4   | Reached skill level 5 in Polearms
 27705 | Lair:4   | Reached skill level 9 in Fighting
 30263 | Lair:4   | Found a staircase to the Swamp.
 30818 | Lair:5   | Found a dark tunnel.
 30825 | Volcano  | Entered a volcano
 31783 | Lair:5   | Reached skill level 10 in Fighting
 32050 | Lair:5   | Found a staircase to the Slime Pits.
 32367 | Lair:5   | Reached XP level 14. HP: 120/121 MP: 19/19
 32847 | Lair:6   | Entered Level 6 of the Lair of Beasts
 34578 | Lair:6   | Noticed a dire elephant
 34690 | Lair:6   | Noticed a dire elephant
 34723 | Lair:6   | Killed a dire elephant
 34723 | Lair:6   | Reached skill level 10 in Armour
 34769 | Lair:6   | Killed a dire elephant
 34801 | Lair:6   | Noticed a dire elephant
 34836 | Lair:6   | Killed a dire elephant
 35091 | Lair:6   | Reached skill level 11 in Fighting
 35297 | Lair:6   | Noticed a dire elephant
 35834 | Lair:6   | Mangled by a dire elephant

Illustrated notes

Levels and vault maps discovered:
D:1:      dpeg_arrival_solitude, layout_loops_cross
D:2:      layout_loops_ring
D:3:      layout_rooms, makhleb_blood_cavern_becter, minivault_5, minmay_between
D:4:      layout_basic, chequers_temple_overflow_statue_of_worship,
          minmay_temple_entry_grid, solitary_fountain
D:5:      layout_gridville, ashenzari_altar_1
D:6:      layout_rooms, yredelemnul_forgotten_temple_becter,
          nicolae_tso_swordbearing_angel, lightli_ossuary_entry_decrepit_ruins,
          hangedman_ru_absence
D:7:      layout_basic, minmay_guarded_unrand_staff_of_olgreb
D:8:      minmay_recursive_quarters, layout_basic, old_standard_altar,
          dpeg_lair_monsters, enter_bailey_2, kennysheep_cross_bottleneck,
          minmay_guarded_unrand_finisher
D:9:      layout_basic, marbit_many_paths, grunt_dithmenos_smoke,
          gammafunk_temple_overflow_forgotten, okawaru_ov_weapons_minmay
D:10:     lemuel_slime, layout_rooms, basic_altar, enter_trove_0
D:11:     layout_rooms, muffindrake_ghost_dual_entry
Temple:   jpeg_temple_alley_garden
Lair:1:   layout_hall_layers, minmay_shattered_shrine, uniq_urug, uniq_sonja
Lair:2:   layout_long_grid, minmay_snake_entry_guardpost_medium, special_room
          [special_room_bee], serial_bayou_shore_a, lemuel_fruit_fields,
          uniq_prince_ribbit2
Lair:3:   layout_roguey
Lair:4:   layout_layer_cave, palyth_hydra_swamp_entry, gauntlet_entry_generic,
          uniq_rupert
Lair:5:   layout_gridlike, nicolae_slime_entry_slimehenge, serial_rivers,
          chequers_serial_rivers_room_a, chequers_serial_rivers_micro_e,
          chequers_serial_rivers_micro_a, chequers_serial_rivers_large_a,
          chequers_serial_rivers_micro_a, chequers_serial_rivers_small_b,
          nicolae_volcano_entry_hallway, nicolae_lair_grove_arrangements,
          minmay_lair_oklob_chamber
Lair:6:   due_jungle_book, layout_cave_pods, st_stairs_7, grunt_megastairs_4

Skill      XL: |  1  2  3  4  5  6  7  8  9 10 11 12 13 14 |
---------------+-------------------------------------------+-----
Conjurations   | 4 5 |  5.4
Armour         | 1 2 3 4 5 6 7 8 9 10 | 10.1
Spellcasting   | 2 3 4 |  4.3
Dodging        | 2 3 4 6 7 8 9 |  9.3
Fighting       | 1 2 3 4 6 7 8 10 11 | 11.0
Short Blades   | 1 2 4 |  4.1
Stealth        | 3 4 5 |  5.1
Throwing       | 1 2 3 4 |  4.0
Long Blades    | 3 4 |  4.2
Evocations     | 3 4 5 |  5.0
Shields        | 2 3 |  3.1
Staves         | 2 3 |  3.0
Polearms       | 2 4 6 7 |  7.6
Invocations    | 2 7 8 |  8.2

Action                   |  1- 3 |  4- 6 |  7- 9 | 10-12 | 13-15 || total
-------------------------+-------+-------+-------+-------+-------++-------
Melee: Unarmed           |     3 |       |       |       |       ||     3
       Spear             |   121 |       |       |       |       ||   121
       Short sword       |    25 |   192 |   326 |       |       ||   543
       Scimitar          |       |       |    94 |    37 |       ||   131
       Staff             |       |       |       |   108 |       ||   108
       Scythe            |       |       |       |   510 |   464 ||   974
Throw: Javelin           |       |     9 |    49 |    87 |    48 ||   193
       Dart              |       |       |       |     5 |     8 ||    13
       Boomerang         |       |       |       |     1 |     1 ||     2
 Cast: Magic Dart        |    21 |   106 |    39 |    38 |     9 ||   213
       Searing Ray       |     5 |    18 |    30 |    49 |    14 ||   116
Invok: Grow Ballistomyce |       |       |       |     4 |     5 ||     9
       Wall of Briars    |       |       |       |    27 |    27 ||    54
Evoke: Wand              |       |       |     8 |    13 |    49 ||    70
       Staff of Olgreb   |       |       |       |    61 |     1 ||    62
       Tin of tremorston |       |       |       |       |     6 ||     6
       Condenser vane    |       |       |       |       |     2 ||     2
  Use: Scroll            |     1 |     8 |     4 |     7 |    10 ||    30
       Potion            |       |       |       |     5 |     4 ||     9
 Stab: Sleeping          |     1 |       |    10 |     9 |     8 ||    28
       Distracted        |       |       |       |       |     1 ||     1
Armor: Ring mail         |    50 |    78 |   163 |   256 |       ||   547
       Robe              |     5 |       |       |       |       ||     5
       Scale mail        |       |       |       |   124 |   241 ||   365
Dodge: Dodged            |    85 |    99 |   197 |   598 |   337 ||  1316
Block: Buckler           |       |       |    12 |    38 |       ||    50
       Other             |       |       |       |       |     9 ||     9
       Rpst.: Scimitar   |       |       |    22 |    17 |       ||    39

Table legend: (Time is in decaauts)
 A = Elapsed time spent in this place.
 B = Non-inter-level travel time spent in this place.
 C = Inter-level travel time spent in this place.
 D = Time resting spent in this place.
 E = Time spent auto-exploring this place.
 F = Levels seen in this place.
 G = Mean time per level.
                   A        B        C        D        E       F      G
               +--------+--------+--------+--------+--------+-----+--------+
         Total |  36192 |  35229 |    963 |   7990 |  20728 |  21 | 1723.4 |
       Dungeon |  20470 |  19667 |    803 |   4551 |  11153 |  11 | 1860.9 |
        Temple |     98 |     65 |     33 |      0 |     57 |   1 |   98.0 |
          Lair |  13185 |  13058 |    127 |   2860 |   8209 |   6 | 2197.5 |
       Ossuary |    674 |    674 |      0 |      1 |    482 |   1 |  674.0 |
        Bailey |   1099 |   1099 |      0 |    500 |    328 |   1 | 1099.0 |
       Volcano |    663 |    663 |      0 |     77 |    499 |   1 |  663.0 |
               +--------+--------+--------+--------+--------+-----+--------+

Top non-repeatable levels by time:
     D:7: 3918 daAuts
     D:8: 3551 daAuts
     D:9: 3471 daAuts
  Lair:6: 3023 daAuts
  Lair:4: 2694 daAuts
  Lair:2: 2594 daAuts
  Lair:1: 2000 daAuts
  Lair:5: 1914 daAuts
     D:1: 1686 daAuts
     D:2: 1603 daAuts
     D:3: 1572 daAuts
     D:6: 1400 daAuts
    D:10: 1367 daAuts
     D:4: 1302 daAuts
  Bailey: 1099 daAuts
